 Dungeon Crawl Stone Soup version 0.29-a0-1006-g0dd7720b37 (webtiles) character file.

Game seed: 8015945832548849304

240 drpainis the Sneak (level 6, -6/41 HPs)
             Began as an Octopode Brigand on Aug 6, 2022.
             Killed from afar by an orc wizard (13 damage)
             ... with a puff of flame
             ... on level 4 of the Dungeon.
             The game lasted 00:04:44 (3626 turns).

drpainis the Sneak (Octopode Brigand)               Turns: 3626, Time: 00:04:45

Health: -6/41      AC:  1    Str: 12    XL:     6   Next: 8%
Magic:  6/6        EV: 13    Int: 13    God:
Gold:   116        SH:  0    Dex: 14    Spells: 5/5 levels left

rFire   . . .      SeeInvis .   a - +2 dagger
rCold   . . .      Faith    .   (no shield)
rNeg    . . .      Spirit   .   (helmet restricted)
rPois   .          Reflect  .   (no amulet)
rElec   .          Harm     .   i - ring of willpower
rCorr   .          Rampage  .   (no ring)
Will    +....                   (no ring)
Stlth   +++++.....              (no ring)
HPRegen 0.13/turn               (no ring)
MPRegen 0.10/turn               (no ring)
                                (no ring)
                                (no ring)

@: no status effects
A: almost no armour, amphibious, 8 rings, camouflage 1, gelatinous body 1,
(nimble swimmer 1), tentacles
a: no special abilities


You were on level 4 of the Dungeon.
You visited 1 branch of the dungeon, and saw 4 of its levels.

You collected 116 gold pieces.

Inventory:

Hand Weapons
 a - a +2 dagger (weapon)
Missiles
 b - 14 poisoned darts (quivered)
 c - 3 curare-tipped darts
 o - 3 datura-tipped darts
Jewellery
 i - a ring of willpower (left tentacle)
Wands
 p - a wand of mindburst (15)
Scrolls
 d - a scroll of poison {unknown}
 f - 3 scrolls of teleportation {unknown}
 g - a scroll of enchant armour {unknown}
 j - a scroll of immolation {unknown}
 k - a scroll of identify {unknown}
 l - a scroll of torment {unknown}
 t - a scroll of blinking {unknown}
Potions
 e - a potion of magic {unknown}
 h - 2 potions of might {unknown}
 m - a potion of haste {unknown}
 n - a potion of attraction {unknown}
 q - a potion of mutation {unknown}
 r - a potion of ambrosia {unknown}
 s - a potion of invisibility {unknown}


   Skills:
 + Level 2.7 Fighting
 + Level 3.3 Short Blades
 + Level 2.3 Throwing
 + Level 2.0 Dodging
 + Level 7.9 Stealth


You had 5 spell levels left.
You didn't know any spells.
Your spell library contained the following spells:

 Spells                   Type           Power      Damage    Failure   Level
 Summon Small Mammal      Summ           0%         N/A       30%         1
 Call Canine Familiar     Summ           0%         N/A       67%         3
 Gell's Gravitas          Tloc           0%         N/A       67%         3
 Lesser Beckoning         Tloc           0%         N/A       67%         3
 Summon Guardian Golem    Hex/Summ       0%         N/A       67%         3
 Teleport Other           Tloc           0%         N/A       67%         3


Dungeon Overview and Level Annotations

Branches:
Dungeon (4/15)
 Temple: D:4-7

Altars:
Makhleb
Okawaru
Uskayaw
Yredelemnul

Shops:
D:1 *

Annotations:
D:4 1 transporter


Innate Abilities, Weirdness & Mutations

You cannot wear most types of armour.
You are amphibious.
You can wear up to eight rings at the same time.
Your skin changes colour to match your surroundings (Stealth+).
Your rubbery body absorbs attacks. (AC +1, EV +1)
((You are camouflaged when in or above water. (Stealth+)))
You have tentacles for arms and can constrict up to eight enemies at once.


Message History

A ball python comes into view.
The orc wizard points at you and mumbles some strange words.
The puff of flame hits something!
Found a scroll labelled KIQAPE MAEJA.
Something hits you but does no damage.
A magic dart appears from out of thin air!
The magic dart hits you!
You hear some strange, mumbled words.
A puff of flame appears from out of thin air!
The puff of flame hits you!
* * * LOW HITPOINT WARNING * * *
Something completely misses you.
An orc wizard appears from thin air!
Reactivating autopickup.
The orc wizard hits you with a +0 dagger.
* * * LOW HITPOINT WARNING * * *
You closely miss the orc wizard. Your grab misses the orc wizard.
The orc wizard is severely wounded.
The orc wizard misses you.
You hit the orc wizard but do no damage.
Your grab misses the orc wizard. Your squeeze misses the orc wizard.
The orc wizard is severely wounded.
You closely miss the orc wizard. You grab the orc wizard.
The orc wizard is severely wounded.
You constrict the orc wizard, but do no damage.
The orc wizard misses you.
The orc wizard gestures wildly while chanting.
The orc wizard flickers and vanishes!
Deactivating autopickup; reactivate with Ctrl-A.
You hit the orc wizard.
The orc wizard is severely wounded.
You constrict the orc wizard. The orc wizard closely misses you.
You hit the orc wizard.
You kill the orc wizard!
You hear some strange, mumbled words.
A puff of flame appears from out of thin air!
The puff of flame hits you.
* * * LOW HITPOINT WARNING * * *
A puff of flame appears from out of thin air!
The puff of flame hits you!
You die...

..o....#.....# #.#.#
##o#####o######.#.#.#
#.o##.........#.#.#.#
r$.......####.#.#.#.#
.........# #o#.#...#
######...####.#.#...#
©#......#.#.#<.##
..$..#..###)#{#.##.#
###..#..........@..#
#..#..##....#.####
...|#........#.#
..../#©..######.#
..$..#... ..#
#..#...# ### #.. #.


There were no monsters in sight!

Vanquished Creatures
  An orc priest (D:2)
  An orc wizard (D:4)
  A scorpion zombie (D:3)
  An iguana (D:4)
  3 gnolls (D:2)
  3 adders
  4 dart slugs
  3 orcs (D:2)
  11 bats
  5 endoplasms
  5 giant cockroaches
  10 goblins
  6 hobgoblins
  7 jackals
  7 kobolds
  3 quokkas (D:3)
  4 ball pythons
  A frilled lizard (D:3)
  A quokka zombie (D:3)
  8 rats
85 creatures vanquished.

Vanquished Creatures (others)
  A fungus (D:3)
  A plant (D:1)
2 creatures vanquished.

Grand Total: 87 creatures vanquished

Notes
Turn   | Place    | Note
-------+----------+-------------------------------------------
     0 | D:1      | drpainis the Octopode Brigand began the quest for the Orb.
     0 | D:1      | Reached XP level 1. HP: 14/14 MP: 1/1
    90 | D:1      | Found Onydgh's General Store.
   105 | D:1      | Reached XP level 2. HP: 19/19 MP: 2/2
   308 | D:1      | Reached skill level 6 in Stealth
   309 | D:1      | Found a faded altar of an unknown god.
   475 | D:1      | Reached XP level 3. HP: 24/24 MP: 3/3
  1154 | D:2      | Reached XP level 4. HP: 19/29 MP: 4/4
  1411 | D:2      | Reached skill level 7 in Stealth
  1591 | D:2      | Reached XP level 5. HP: 2/34 MP: 5/5
  2370 | D:3      | Found an iron altar of Okawaru.
  2991 | D:3      | Found a basalt altar of Yredelemnul.
  3013 | D:3      | Found a burning altar of Makhleb.
  3193 | D:3      | Found a hide-covered altar of Uskayaw.
  3423 | D:4      | Found a transporter.
  3441 | D:4      | Reached XP level 6. HP: 21/41 MP: 6/6
  3626 | D:4      | Killed from afar by an orc wizard

Illustrated notes

Levels and vault maps discovered:
D:1:      dpeg_arrival_shelter, layout_basic, serial_shops, shop,
          shapermc_ecumenical_altar_gd
D:2:      layout_loops_cross, minmay_misc_feat_alley
D:3:      layout_loops_ring, old_standard_altar, mainiacjoe_overflow_chevrons,
          lightli_temple_of_fire, lemuel_zombie_altar_yredelemnul,
          kennysheep_generic_room_7
D:4:      layout_basic, nicolae_wu_jian_immortal_techniques,
          gammafunk_ghost_mausoleum, minmay_shop_damaged, roderic_batcave,
          uniq_sigmund

Skill      XL: |  1  2  3  4  5 |
---------------+----------------+-----
Stealth        | 6 7 |  7.9
Short Blades   | 3 |  3.3
Dodging        | 2 |  2.0
Fighting       | |  2.7
Throwing       | |  2.3

Action                   |  1- 3 |  4- 6 || total
-------------------------+-------+-------++-------
Melee: Dagger            |    76 |    89 ||   165
       Constrict         |    15 |    22 ||    37
       Tentacles         |    14 |    18 ||    32
       Punch             |     1 |       ||     1
Throw: Dart              |       |    20 ||    20
 Stab: Sleeping          |    15 |    14 ||    29
       Distracted        |       |     1 ||     1
Armor: Skin              |    18 |     4 ||    22
Dodge: Dodged            |    59 |    55 ||   114

Table legend: (Time is in decaauts)
 A = Elapsed time spent in this place.
 B = Non-inter-level travel time spent in this place.
 C = Inter-level travel time spent in this place.
 D = Time resting spent in this place.
 E = Time spent auto-exploring this place.
 F = Levels seen in this place.
 G = Mean time per level.
                   A        B        C        D        E       F      G
               +--------+--------+--------+--------+--------+-----+--------+
         Total |   3602 |   3602 |      0 |    169 |   2677 |   4 |  900.5 |
       Dungeon |   3602 |   3602 |      0 |    169 |   2677 |   4 |  900.5 |
               +--------+--------+--------+--------+--------+-----+--------+

Top non-repeatable levels by time:
     D:2: 1804 daAuts
     D:3: 895 daAuts
     D:1: 687 daAuts
     D:4: 214 daAuts
